 Dungeon Crawl Stone Soup version 0.25.0-10-g039870ee82 (webtiles) character file.

Game seed: 9477951362045983637

645 Ge0ff the Chiller (level 7, -1/51 HPs)
             Began as a Gnoll Ice Elementalist on June 23, 2020.
             Slain by a white imp (2 damage)
             ... summoned by Natasha
             ... on level 4 of the Dungeon.
             The game lasted 00:08:00 (911 turns).

Ge0ff the Chiller (Gnoll Ice Elementalist)           Turns: 911, Time: 00:08:01

Health: -1/51      AC:  3    Str: 11    XL:     7   Next: 52%
Magic:  5/15       EV: 14    Int: 19    God:
Gold:   90         SH:  0    Dex: 15    Spells: 13/17 levels left

rFire    . . .     SeeInvis .   a - +2 whip (freeze)
rCold    . . .     Gourm    .   (no shield)
rNeg     . . .     Faith    .   K - +0 leather armour
rPois    .         Spirit   .   (no helmet)
rElec    .         Reflect  .   (no cloak)
rCorr    .         Harm     .   (no gloves)
MR       .....                  (no boots)
Stlth    +++.......             (no amulet)
HPRegen  0.17/turn              (no ring)
MPRegen  0.14/turn              (no ring)

@: frozen ramparts
A: distributed training, fangs 1, strong nose
a: no special abilities


You were on level 4 of the Dungeon.
You were not hungry.

You visited 1 branch of the dungeon, and saw 4 of its levels.

You collected 90 gold pieces.

Inventory:

Hand Weapons
 a - a +2 whip of freezing (weapon)
 b - a +1 short sword
 A - a +0 flail
 I - a +0 hunting sling
Missiles
 v - 27 stones (quivered)
 x - 27 arrows
 J - 26 sling bullets
Armour
 C - a cursed -1 plate armour
 K - a +0 leather armour (worn)
Scrolls
 y - a scroll of amnesia
 B - a scroll of fog {unknown}
 D - a scroll of enchant weapon
 F - a scroll of random uselessness {unknown}
 H - 2 scrolls of immolation {unknown}
 N - a scroll of fear {unknown}
Potions
 t - a potion of brilliance {unknown}
 w - a potion of mutation {unknown}
 z - a potion of cancellation {unknown}
 G - a potion of might {unknown}
 L - a potion of lignification
 M - a potion of curing {unknown}
Comestibles
 r - 3 rations
 u - 3 chunks of flesh


   Skills:
 + Level 2.5 Fighting
 + Level 2.5 Short Blades
 + Level 2.5 Long Blades
 + Level 2.5 Axes
 + Level 2.5 Maces & Flails
 + Level 2.5 Polearms
 + Level 2.5 Staves
 + Level 2.5 Slings
 + Level 2.5 Bows
 + Level 2.5 Crossbows
 + Level 2.5 Throwing
 + Level 2.5 Armour
 + Level 5.2 Dodging
 + Level 4.9 Stealth
 + Level 2.5 Shields
 + Level 2.5 Unarmed Combat
 + Level 5.6 Spellcasting
 + Level 2.0 Conjurations
 + Level 2.0 Hexes
 + Level 2.0 Charms
 + Level 2.0 Summonings
 + Level 2.0 Necromancy
 + Level 2.0 Translocations
 + Level 2.0 Transmutations
 + Level 2.0 Fire Magic
 + Level 7.4 Ice Magic
 + Level 2.0 Air Magic
 + Level 2.0 Earth Magic
 + Level 2.0 Poison Magic
 + Level 2.7 Invocations
 + Level 2.5 Evocations


You had 13 spell levels left.
You knew the following spells:

 Your Spells              Type           Power        Failure   Level  Hunger
k - Freeze                Ice            ####         1%          1    None
m - Frozen Ramparts       Ice            ####..       2%          3    ##.....

Your spell library contained the following spells:

 Spells                   Type           Power        Failure   Level  Hunger
 Ozocubu's Armour         Chrm/Ice       ###.....     7%          3    ##.....
 Hailstorm                Conj/Ice       ###.....     22%         4    ####...
 Summon Ice Beast         Ice/Summ       ###.....     22%         4    ####...


Dungeon Overview and Level Annotations

Branches:
Dungeon (4/15)
 Temple: D:4-7

Altars:
Ashenzari
Fedhas
Gozag
Qazlal
Ru

Annotations:
D:4 Natasha


Innate Abilities, Weirdness & Mutations

Your experience applies equally to all skills.
You have very sharp teeth.
Your uncanny sense of smell can sniff out nearby items.


Message History

The wall freezes Natasha.
The white imp resists.
The wall freezes the white imp.
The white imp closely misses you.
Casting: Freeze (safe; 1% risk of failure)
Confirm with . or Enter, or press ? or * to list all spells.
Aiming: Freeze (safe; 1% risk of failure)
Press: ? - help, Shift-Dir - straight line, f/p - white imp
Aim: a white imp (lightly wounded, summoned)
The white imp resists.
You freeze the white imp.
The white imp is lightly wounded.
The frozen ramparts melt away.
The white imp hits you.
* * * LOW HITPOINT WARNING * * *
The white imp freezes you.
* * * LOW HITPOINT WARNING * * *
Casting: Freeze (safe; 1% risk of failure)
Confirm with . or Enter, or press ? or * to list all spells.
The walls around you are covered in ice.
The wall freezes Natasha.
The white imp completely resists.
The wall freezes the white imp but do no damage.
The white imp hits you.
You die...

#.# #.###. .#
####.####....# .# #..p.p
.#... .# #####.##.#
#.#.# .#
..[<..##.####.#.####.#
.....................###
.#######.##.###.##.....#
.........##.#
#.##.#.#.....
.##########.#
#.@5h.....### . #.#
####.#.#.## . #.#
#.....# . #.# ###.###
#.# .# #


You could see Natasha and a white imp (summoned).

Vanquished Creatures
  Pikel (D:4)
  An ogre (D:4)
  Jessica (D:3)
  An adder (D:3)
  A worm (D:2)
  A dart slug (D:3)
  6 orcs (D:3)
  A giant cockroach (D:2)
  5 hobgoblins
  4 jackals (D:3)
  5 bats
  3 frilled lizards
  2 goblins
  4 kobolds
  5 rats
41 creatures vanquished.

Vanquished Creatures (others)
  2 slaves (D:4)
  An orc priest (D:4)
  An orc wizard (D:4)
  A worker ant (D:4)
  An orc (D:4)
  3 goblins (D:4)
  3 hobgoblins (D:4)
12 creatures vanquished.

Grand Total: 53 creatures vanquished

Notes
Turn   | Place    | Note
-------+----------+-------------------------------------------
     0 | D:1      | Ge0ff the Gnoll Ice Elementalist began the quest for the
                  | Orb.
     0 | D:1      | Reached XP level 1. HP: 13/13 MP: 6/6
   104 | D:1      | Found a shattered altar of Ashenzari.
   228 | D:2      | Reached XP level 2. HP: 3/20 MP: 1/7
   499 | D:3      | Noticed Jessica
   503 | D:3      | Found a stormy altar of Qazlal.
   507 | D:3      | Killed Jessica
   507 | D:3      | Reached skill level 5 in Spellcasting
   507 | D:3      | Reached skill level 1 in Invocations
   507 | D:3      | Reached XP level 3. HP: 21/25 MP: 5/9
   512 | D:3      | Learned a level 3 spell: Frozen Ramparts
   521 | D:3      | Reached skill level 1 in Fighting
   521 | D:3      | Reached skill level 1 in Short Blades
   521 | D:3      | Reached skill level 1 in Long Blades
   521 | D:3      | Reached skill level 1 in Axes
   521 | D:3      | Reached skill level 1 in Maces & Flails
   521 | D:3      | Reached skill level 1 in Polearms
   521 | D:3      | Reached skill level 1 in Staves
   521 | D:3      | Reached skill level 1 in Slings
   521 | D:3      | Reached skill level 1 in Bows
   521 | D:3      | Reached skill level 1 in Crossbows
   521 | D:3      | Reached skill level 1 in Throwing
   521 | D:3      | Reached skill level 1 in Armour
   521 | D:3      | Reached skill level 1 in Shields
   521 | D:3      | Reached skill level 1 in Unarmed Combat
   521 | D:3      | Reached skill level 1 in Evocations
   535 | D:3      | Reached XP level 4. HP: 30/32 MP: 2/11
   707 | D:3      | Found a sacrificial altar of Ru.
   709 | D:3      | Found a blossoming altar of Fedhas.
   740 | D:3      | Found an opulent altar of Gozag.
   781 | D:4      | Noticed Pikel
   781 | D:4      | Noticed a slave
   781 | D:4      | Noticed a slave
   781 | D:4      | Noticed a slave
   781 | D:4      | Noticed a slave
   786 | D:4      | HP: 1/32 [slave[Pikel] (1)]
   786 | D:4      | Killed Pikel
   786 | D:4      | Reached skill level 5 in Dodging
   786 | D:4      | Reached skill level 1 in Conjurations
   786 | D:4      | Reached skill level 1 in Hexes
   786 | D:4      | Reached skill level 1 in Charms
   786 | D:4      | Reached skill level 1 in Summonings
   786 | D:4      | Reached skill level 1 in Necromancy
   786 | D:4      | Reached skill level 1 in Translocations
   786 | D:4      | Reached skill level 1 in Transmutations
   786 | D:4      | Reached skill level 1 in Fire Magic
   786 | D:4      | Reached skill level 1 in Air Magic
   786 | D:4      | Reached skill level 1 in Earth Magic
   786 | D:4      | Reached skill level 1 in Poison Magic
   786 | D:4      | Reached XP level 5. HP: 1/39 MP: 4/13
   786 | D:4      | Reached XP level 6. HP: 1/45 MP: 4/14
   786 | D:4      | Reached XP level 7. HP: 2/51 MP: 4/15
   858 | D:4      | Noticed Natasha
   910 | D:4      | HP: 1/51 [white imp[Natasha] (2)]
   911 | D:4      | Slain by a white imp

Illustrated notes

Levels and vault maps discovered:
D:1:      sevenhm_arrival_forest_fort_large_2, layout_basic, chequers_avenue,
          evilmike_ruin_ashenzari
D:2:      layout_rooms, corexii_shack
D:3:      layout_rooms, nicolae_overflow_hidden_temple,
          nicolae_qazlal_general_emergency, uniq_jessica
D:4:      layout_loops_ring, first_ration, uniq_pikel, uniq_robin, uniq_natasha

Skill      XL: |  1  2  3  4  5  6  7 |
---------------+----------------------+-----
Spellcasting   | 5 |  5.6
Invocations    | 1 2 |  2.7
Fighting       | 1 2 |  2.5
Short Blades   | 1 2 |  2.5
Long Blades    | 1 2 |  2.5
Axes           | 1 2 |  2.5
Maces & Flails | 1 2 |  2.5
Polearms       | 1 2 |  2.5
Staves         | 1 2 |  2.5
Slings         | 1 2 |  2.5
Bows           | 1 2 |  2.5
Crossbows      | 1 2 |  2.5
Throwing       | 1 2 |  2.5
Armour         | 1 2 |  2.5
Shields        | 1 2 |  2.5
Unarmed Combat | 1 2 |  2.5
Evocations     | 1 2 |  2.5
Dodging        | 5 |  5.2
Conjurations   | 1 2 |  2.0
Hexes          | 1 2 |  2.0
Charms         | 1 2 |  2.0
Summonings     | 1 2 |  2.0
Necromancy     | 1 2 |  2.0
Translocations | 1 2 |  2.0
Transmutations | 1 2 |  2.0
Fire Magic     | 1 2 |  2.0
Air Magic      | 1 2 |  2.0
Earth Magic    | 1 2 |  2.0
Poison Magic   | 1 2 |  2.0
Stealth        | |  4.9
Ice Magic      | |  7.4

Action                   |  1- 3 |  4- 6 |  7- 9 || total
-------------------------+-------+-------+-------++-------
Melee: Short sword       |     5 |     9 |       ||    14
       Bite              |       |     1 |       ||     1
Throw: Stone             |     2 |     4 |       ||     6
 Cast: Freeze            |    30 |    18 |     5 ||    53
       Frozen Ramparts   |     1 |     2 |     2 ||     5
  Use: Scroll            |     1 |     2 |       ||     3
 Stab: Sleeping          |     2 |       |       ||     2
Armor: Robe              |     4 |     1 |       ||     5
Dodge: Dodged            |    10 |    21 |     2 ||    33

Levels and vault maps discovered:
D:1:      sevenhm_arrival_forest_fort_large_2, layout_basic, chequers_avenue,
          evilmike_ruin_ashenzari
D:2:      layout_rooms, corexii_shack
D:3:      layout_rooms, nicolae_overflow_hidden_temple,
          nicolae_qazlal_general_emergency, uniq_jessica
D:4:      layout_loops_ring, first_ration, uniq_pikel, uniq_robin, uniq_natasha
